 Dungeon Crawl Stone Soup version 0.29.0-4-gdea44cf6ec (webtiles) character file.

Game seed: 7344658801705456480

13999 qw the Brawler (level 11, -1/107 HPs)
             Began as a Troll Cinder Acolyte on Aug 31, 2022.
             Was a Believer of Okawaru.
             Slain by a fire elemental (8 damage)
             ... created by the fiery vengeance of Ignis
             ... on level 3 of the Abyss.
             The game lasted 00:07:06 (11025 turns).

qw the Brawler (Troll Cinder Acolyte)              Turns: 11025, Time: 00:07:06

Health: -1/107     AC: 13    Str: 28    XL:     11   Next: 82%
Magic:  10/12      EV: 10    Int: 10    God:    Okawaru [**....]
Gold:   1039       SH:  0    Dex:  5    Spells: 12/12 levels left

rFire   . . .      SeeInvis .     - Unarmed
rCold   . . .      Faith    .   (no shield)
rNeg    . . .      Spirit   .   m - +5 steam dragon scales
rPois   .          Reflect  .   (helmet restricted)
rElec   .          Harm     .   (no cloak)
rCorr   .          Rampage  .   (gloves unavailable)
Will    .....                   (boots unavailable)
Stlth   ++........              (no amulet)
HPRegen 1.07/turn               n - ring of protection from fire
MPRegen 0.13/turn               (no ring)

@: about to teleport, heroic, fire susceptible
A: large, unfitting armour, claws 3, regeneration 1, shaggy fur 1, tough skin 1
a: Renounce Religion, Heroism


You were on level 3 of the Abyss.
You worshipped Okawaru.
Okawaru was pleased with you.
You visited 2 branches of the dungeon, and saw 13 of its levels.
You visited the Abyss 1 time.
You also visited: Sewer and Ossuary.

You collected 1359 gold pieces.
You spent 320 gold pieces at shops.


Innate Abilities, Weirdness & Mutations

You are too large for most types of armour.
You have claws for hands.
Your natural rate of healing is unusually fast.
You are covered in fur. (AC +1)
You have tough skin. (AC +1)


   Skills:
 - Level 6.8(11.8) Fighting
 + Level 4.5(9.5) Throwing
 - Level 2.5(7.5) Armour
 - Level 1.4(6.4) Dodging
 - Level 16.0(21.0) Unarmed Combat
 - Level 1.0 Spellcasting
 - Level 2.1 Fire Magic
 + Level 3.4 Invocations


You had 12 spell levels left.
You didn't know any spells.
Your spell library contained the following spells:

 Spells                   Type           Power      Damage    Failure   Level
 Scorch                   Fire           8%         2d5       22%         2

Inventory:

Missiles
 a - 2 large rocks (quivered)
Armour
 m - +5 steam dragon scales (worn)
Jewellery
 d - a ring of ice
 n - a ring of protection from fire (left claw)
Scrolls
 i - 2 scrolls of enchant weapon
 j - 5 scrolls of teleportation
 k - 6 scrolls of identify
Potions
 b - 4 potions of heal wounds
 c - 7 potions of curing
 e - a potion of resistance
 f - a potion of magic
 g - 3 potions of cancellation
 h - 3 potions of mutation
 l - 2 potions of might

Dungeon Overview and Level Annotations

Branches:
Dungeon (11/15)            Temple (1/1) D:5            Lair (0/5) D:11
    Orc (0/2) D:10          Sewer (visited)         Ossuary (visited)

Altars:
Ashenzari
Gozag
Hepliaklqana
Kikubaaqudgha
Makhleb
Okawaru
Qazlal
Sif Muna
Trog
Uskayaw
Vehumet
Wu Jian
Xom
Yredelemnul
The Shining One

Shops:
D:6 [(!*

Annotations:
D:4 1 runed translucent door, Crazy Yiuf
D:5 2 transporters, 3 runed translucent doors, qw's ghost, amateur TrCA; qw's ghost, journeyman TrCA
D:14 Louise


Message History

You kill the tengu conjurer!
Okawaru accepts your kill.
The battlesphere dissipates.
Louise gestures at you while chanting.
You are cast into the Abyss!
This branch contains the abyssal rune of Zot.
You feel like a meek peon again.
Magic restored. "With a thousand fires I burned cities, but these will suffice for you!" 3 fire elementals come into view.
11018 ||| INVOKING Heroism.
You gain the combat prowess of a mighty hero.
You closely miss the fire elemental. You closely miss the fire elemental.
Your claw misses the fire elemental. The fire elemental hits you.
The fire elemental burns you!
The fire elemental completely misses you.
You mangle the fire elemental!! You claw the fire elemental!
You destroy the fire elemental!
That felt strangely unrewarding.
The fire elemental hits you. The fire elemental burns you!
The fire elemental closely misses you.
You scratch the fire elemental but do no damage.
The fire elemental barely misses you. x2
You mangle the fire elemental!!
The fire elemental is almost destroyed.
An ancient zyme comes into view.
You feel yourself growing ill in the presence of the ancient zyme.
You scratch the fire elemental but do no damage.
The fire elemental is almost destroyed.
The fire elemental barely misses you. The fire elemental hits you.
The fire elemental burns you!
11025 ||| READING 6 scrolls of teleportation.
As you read the scroll of teleportation, it crumbles to dust.
You feel strangely unstable.
You feel the power of the Abyss delaying your translocation!
The fire elemental hits you. The fire elemental burns you!
The fire elemental hits you. The fire elemental burns you!
A rakshasa comes into view. It is wielding a +0 whip.
The fire elemental hits you. The fire elemental burns you!
You die...

. .. ... ....
.....
.....R#######..
.......@.......
.......EE..x...
############..#
.


You could see a rakshasa, an ancient zyme and 2 fire elementals.

Vanquished Creatures
  Fannar (D:11)
  A boulder beetle (D:14)
  3 two-headed ogres
  A tengu warrior (D:14)
  Lodul (D:11)
  An ugly thing (D:10)
  An elephant (D:11)
  2 cyclopes (D:11)
  A gargoyle (D:10)
  An unseen horror (D:10)
  2 kobold demonologists (D:10)
  A tengu conjurer (D:14)
  Grinder (D:5)
  3 wyverns
  Sigmund (D:7)
  A wraith (D:10)
  12 fire elementals
  A basilisk (D:11)
  A steam dragon (D:8)
  9 vampire mosquitoes (D:11)
  An acid dragon (D:9)
  Edmund (D:7)
  2 black bears
  Duvessa (D:4)
  4 orc warriors
  9 ogres
  A phantom (D:5)
  4 kobold brigands
  5 bullfrogs
  3 necrophages
  Dowan (D:4)
  15 killer bees
  9 howler monkeys
  A bullfrog zombie (D:5)
  3 centaur zombies
  2 hounds (D:5)
  3 orc priests
  6 iguanas
  12 orc wizards
  3 ogre zombies (Ossuary)
  7 mummies (Ossuary)
  7 river rats (Sewer)
  10 adders
  A shadow imp (D:5)
  A white imp (D:7)
  An ufetubus (D:7)
  2 adder zombies (Ossuary)
  6 worms
  32 orcs
  12 bats
  7 endoplasms
  5 giant cockroaches
  7 goblins
  10 hobgoblins
  10 jackals
  6 quokkas
  8 ball pythons
  5 frilled lizards
  2 gnoll zombies (Ossuary)
  2 goblin zombies (Ossuary)
  4 hobgoblin zombies (Ossuary)
  32 kobolds
  3 kobold zombies (Ossuary)
  2 orc zombies (Ossuary)
  5 quokka zombies (Ossuary)
  5 rats
  5 rat zombies (Ossuary)
328 creatures vanquished.

Vanquished Creatures (others)
  A fungus (D:4)
  A plant (D:11)
  6 toadstools (D:3)
8 creatures vanquished.

Grand Total: 336 creatures vanquished

Notes
Turn   | Place    | Note
-------+----------+-------------------------------------------
     0 | D:1      | qw the Troll Cinder Acolyte began the quest for the Orb.
     0 | D:1      | Reached XP level 1. HP: 22/22 MP: 1/1
     0 | D:1      | 0 ||| qw: Version: 0.1-a-97-g2dd2ca4
     0 | D:1      | 0 ||| qw: Game counter: 4493
     0 | D:1      | 0 ||| qw: Always use a shield: true
     0 | D:1      | 0 ||| qw: God list: Okawaru
     0 | D:1      | 0 ||| qw: Allow faded altars: false
     0 | D:1      | 0 ||| qw: Do Orc after D:15 true
     0 | D:1      | 0 ||| qw: Do second Lair branch before Depths: true
     0 | D:1      | 0 ||| qw: Lair rune preference: random
     0 | D:1      | 0 ||| qw: Plans: Normal
     0 | D:1      | 0 ||| PLANNING D:1-11
    51 | D:1      | 51 ||| Stepping ~*~*~tactically~*~*~ (stealth).
    63 | D:1      | 63 ||| Stepping ~*~*~tactically~*~*~ (stealth).
    64 | D:1      | 64 ||| Stepping ~*~*~tactically~*~*~ (stealth).
    76 | D:1      | Reached XP level 2. HP: 29/29 MP: 2/2
    77 | D:1      | 77 ||| Stepping ~*~*~tactically~*~*~ (stealth).
    84 | D:1      | 84 ||| Stepping ~*~*~tactically~*~*~ (stealth).
   149 | D:1      | 149 ||| Stepping ~*~*~tactically~*~*~ (stealth).
   216 | D:1      | 216 ||| Stepping ~*~*~tactically~*~*~ (stealth).
   217 | D:1      | 217 ||| Stepping ~*~*~tactically~*~*~ (stealth).
   228 | D:1      | 228 ||| Stepping ~*~*~tactically~*~*~ (stealth).
   254 | D:1      | Reached skill level 4 in Unarmed Combat
   578 | D:1      | Found a faded altar of an unknown god.
   610 | D:1      | Reached XP level 3. HP: 36/36 MP: 3/3
   833 | D:1      | 833 ||| READING scroll labelled UZIRAF FISCHAY.
   834 | D:1      | 834 ||| READING scroll labelled VAULATW QEVVOEBICS.
   835 | D:1      | 835 ||| READING scroll labelled JAETSIPUAJ.
   839 | D:1      | 839 ||| READING scroll labelled HOEQEG BO COTZ.
   928 | D:2      | 928 ||| Stepping ~*~*~tactically~*~*~ (stealth).
   929 | D:2      | 929 ||| Stepping ~*~*~tactically~*~*~ (stealth).
   933 | D:2      | 933 ||| Stepping ~*~*~tactically~*~*~ (stealth).
   935 | D:2      | 935 ||| Stepping ~*~*~tactically~*~*~ (stealth).
  1054 | D:2      | 1054 ||| Stepping ~*~*~tactically~*~*~ (stealth).
  1271 | D:2      | 1271 ||| Stepping ~*~*~tactically~*~*~ (stealth).
  1656 | D:2      | 1656 ||| DRINKING 3 amethyst potions.
  1698 | D:3      | Reached XP level 4. HP: 39/44 MP: 4/4
  1759 | D:3      | Reached skill level 5 in Unarmed Combat
  1780 | D:3      | Found a bloodstained altar of Trog.
  2028 | D:3      | 2028 ||| DRINKING 2 potions of curing.
  2028 | D:3      | 2028 ||| (to cure confusion)
  2492 | D:3      | 2492 ||| READING scroll labelled ONUSTR ECUIJO.
  2493 | D:3      | 2493 ||| READING scroll labelled EPENINACLE.
  2494 | D:3      | 2494 ||| READING scroll labelled FEF WYCZURO.
  2495 | D:3      | 2495 ||| DRINKING 2 sedimented sapphire potions.
  2536 | D:3      | 2536 ||| DROPPING potion of lignification.
  2555 | D:4      | 2555 ||| PLANNING OSSUARY
  2566 | D:4      | Noticed Duvessa
  2567 | D:4      | 2567 ||| Stepping ~*~*~tactically~*~*~ (stealth).
  2570 | D:4      | 2570 ||| Stepping ~*~*~tactically~*~*~ (stealth).
  2572 | D:4      | Noticed Dowan
  2573 | D:4      | 2573 ||| Stepping ~*~*~tactically~*~*~ (stealth).
  2575 | D:4      | 2575 ||| STAIRDANCE
  2598 | D:4      | 2598 ||| INVOKING Fiery Armour.
  2598 | D:4      | HP: 10/44 [frozen (5)]
  2599 | D:4      | 2599 ||| READING 2 scrolls of teleportation.
  2600 | D:4      | 2600 ||| Stepping ~*~*~tactically~*~*~ (outnumbered).
  2600 | D:4      | HP: 1/44 [Duvessa/+0 rapier (7)]
  2600 | D:4      | Killed Duvessa
  2601 | D:4      | Reached skill level 6 in Unarmed Combat
  2601 | D:4      | Reached XP level 5. HP: 1/50 MP: 5/5
  2606 | D:4      | 2606 ||| Stepping ~*~*~tactically~*~*~ (stealth).
  2660 | D:4      | 2660 ||| Stepping ~*~*~tactically~*~*~ (outnumbered).
  2663 | D:4      | 2663 ||| Stepping ~*~*~tactically~*~*~ (outnumbered).
  2664 | D:4      | 2664 ||| Stepping ~*~*~tactically~*~*~ (outnumbered).
  2666 | D:4      | 2666 ||| Stepping ~*~*~tactically~*~*~ (outnumbered).
  2699 | D:4      | Noticed an ogre
  2706 | D:4      | Killed an ogre
  2707 | D:4      | Reached skill level 7 in Unarmed Combat
  2707 | D:4      | Reached XP level 6. HP: 59/59 MP: 6/6
  2789 | D:4      | Found a sand-covered staircase.
  2790 | D:4      | 2790 ||| READING scroll labelled NUNWOGAPEA.
  2797 | Ossuary  | Entered an ossuary
  2892 | Ossuary  | 2892 ||| Stepping ~*~*~tactically~*~*~ (stealth).
  2996 | Ossuary  | 2996 ||| Stepping ~*~*~tactically~*~*~ (outnumbered).
  2998 | Ossuary  | 2998 ||| Stepping ~*~*~tactically~*~*~ (outnumbered).
  3015 | Ossuary  | Reached skill level 8 in Unarmed Combat
  3015 | Ossuary  | Reached XP level 7. HP: 66/66 MP: 7/7
  3123 | Ossuary  | 3123 ||| Stepping ~*~*~tactically~*~*~ (stealth).
  3146 | Ossuary  | Reached skill level 3 in Fighting
  3210 | Ossuary  | 3210 ||| READING 2 scrolls labelled PUFREL ENLULON.
  3211 | Ossuary  | 3211 ||| READING scroll labelled YCEEME UTSUFF.
  3212 | Ossuary  | 3212 ||| DRINKING 2 smoky inky potions.
  3213 | Ossuary  | 3213 ||| DRINKING 2 bubbling grey potions.
  3214 | Ossuary  | 3214 ||| READING 3 scrolls of identify.
  3214 | Ossuary  | 3214 ||| IDENTIFYING glowing inky potion
  3215 | Ossuary  | 3215 ||| DROPPING potion of degeneration.
  3216 | Ossuary  | 3216 ||| DROPPING scroll of butterflies.
  3217 | Ossuary  | 3217 ||| READING scroll of teleportation.
  3236 | D:4      | 3236 ||| PLANNING D:1-11
  3326 | D:4      | Killed Dowan
  3518 | D:4      | Found a runed translucent door.
  3519 | D:4      | Noticed Crazy Yiuf
  3522 | D:4      | 3522 ||| READING scroll labelled NOOFIDOWNU.
  3523 | D:4      | 3523 ||| READING scroll labelled NAG TOMOTWA.
  3546 | D:5      | Entered Level 5 of the Dungeon
  3547 | D:5      | 3547 ||| PLANNING SEWER
  3622 | D:5      | Found a staircase to the Ecumenical Temple.
  3623 | D:5      | 3623 ||| Stepping ~*~*~tactically~*~*~ (hiding).
  3629 | D:5      | Noticed Grinder
  3630 | D:5      | 3630 ||| INVOKING Fiery Armour.
  3636 | D:5      | 3636 ||| Stepping ~*~*~tactically~*~*~ (hiding).
  3645 | D:5      | Killed Grinder
  3646 | D:5      | Reached skill level 9 in Unarmed Combat
  3702 | D:5      | Found a shimmering altar of Xom.
  3785 | D:5      | Found a hide-covered altar of Uskayaw.
  3864 | D:5      | Found a stormy altar of Qazlal.
  3874 | D:5      | 3874 ||| FLEEEEING.
  3875 | D:5      | 3875 ||| FLEEEEING.
  3886 | D:5      | 3886 ||| FLEEEEING.
  3887 | D:5      | 3887 ||| FLEEEEING.
  3888 | D:5      | 3888 ||| FLEEEEING.
  3889 | D:5      | 3889 ||| FLEEEEING.
  3890 | D:5      | 3890 ||| FLEEEEING.
  3891 | D:5      | 3891 ||| FLEEEEING.
  3893 | D:5      | 3893 ||| FLEEEEING.
  3898 | D:5      | 3898 ||| FLEEEEING.
  3913 | D:5      | 3913 ||| Stepping ~*~*~tactically~*~*~ (outnumbered).
  3917 | D:5      | 3917 ||| Stepping ~*~*~tactically~*~*~ (outnumbered).
  3922 | D:5      | 3922 ||| INVOKING Fiery Armour.
  3925 | D:5      | Reached XP level 8. HP: 36/75 MP: 8/8
  3972 | D:5      | 3972 ||| Stepping ~*~*~tactically~*~*~ (stealth).
  3977 | D:5      | 3977 ||| Stepping ~*~*~tactically~*~*~ (stealth).
  3978 | D:5      | 3978 ||| Stepping ~*~*~tactically~*~*~ (stealth).
  4041 | D:5      | Found a glowing golden altar of the Shining One.
  4101 | D:5      | Noticed a hornet
  4108 | D:5      | Found a transporter.
  4110 | D:5      | Found a transporter.
  4113 | D:5      | Noticed qw's ghost (amateur TrCA)
  4169 | D:5      | Found a runed translucent gate.
  4169 | D:5      | Found a runed translucent gate.
  4169 | D:5      | Found a runed translucent gate.
  4169 | D:5      | Noticed qw's ghost (journeyman TrCA)
  4171 | D:5      | 4171 ||| READING scroll labelled ICEQES OGHAM.
  4172 | D:5      | 4172 ||| DRINKING 2 white potions.
  4173 | D:5      | 4173 ||| READING 2 scrolls of identify.
  4173 | D:5      | 4173 ||| IDENTIFYING fuming coppery potion
  4174 | D:5      | Found a basalt altar of Yredelemnul.
  4178 | D:5      | Reached skill level 10 in Unarmed Combat
  4273 | D:5      | Found a glowing drain.
  4274 | D:5      | 4274 ||| DROPPING potion of attraction.
  4275 | D:5      | 4275 ||| DROPPING potion of brilliance.
  4297 | Sewer    | Entered a sewer
  4538 | Sewer    | 4538 ||| Stepping ~*~*~tactically~*~*~ (outnumbered).
  4559 | Sewer    | 4559 ||| Stepping ~*~*~tactically~*~*~ (outnumbered).
  4560 | Sewer    | 4560 ||| Stepping ~*~*~tactically~*~*~ (outnumbered).
  4561 | Sewer    | 4561 ||| Stepping ~*~*~tactically~*~*~ (outnumbered).
  4715 | Sewer    | 4715 ||| INVOKING Fiery Armour.
  4895 | Sewer    | 4895 ||| READING scroll labelled LAOMNUKIOBB.
  5018 | D:5      | 5018 ||| PLANNING D:1-11
  5163 | D:5      | 5163 ||| READING scroll of teleportation.
  5277 | D:6      | Found Nazelevu's Distillery.
  5279 | D:6      | Found Ilikiuh's Armour Boutique.
  5282 | D:6      | Found Ruuka's Weapon Boutique.
  5283 | D:6      | Found Roclyack's General Store.
  5285 | D:6      | 5285 ||| BUYING potion of cancellation (80 gold).
  5285 | D:6      | Bought a potion of cancellation for 80 gold pieces
  5285 | D:6      | 5285 ||| BUYING potion of heal wounds (50 gold).
  5285 | D:6      | Bought a potion of heal wounds for 50 gold pieces
  5285 | D:6      | 5285 ||| BUYING potion of mutation (80 gold).
  5285 | D:6      | Bought a potion of mutation for 80 gold pieces
  5285 | D:6      | 5285 ||| BUYING potion of mutation (80 gold).
  5285 | D:6      | Bought a potion of mutation for 80 gold pieces
  5288 | D:6      | 5288 ||| SHOPLISTING +2 hood of the Assassin {Detection
                  | Stab+ Stlth++} (900 gold, have 241).
  5288 | D:6      | 5288 ||| BUYING scroll of identify (30 gold).
  5288 | D:6      | Bought a scroll of identify for 30 gold pieces
  5367 | D:6      | Reached skill level 1 in Dodging
  5391 | D:6      | Found a burning altar of Makhleb.
  5391 | D:6      | Noticed a balrug
  5463 | D:6      | 5463 ||| Stepping ~*~*~tactically~*~*~ (stealth).
  5465 | D:6      | 5465 ||| Stepping ~*~*~tactically~*~*~ (stealth).
  5867 | D:6      | 5867 ||| Stepping ~*~*~tactically~*~*~ (stealth).
  5868 | D:6      | 5868 ||| Stepping ~*~*~tactically~*~*~ (stealth).
  5869 | D:6      | 5869 ||| FLEEEEING.
  5870 | D:6      | 5870 ||| FLEEEEING.
  5871 | D:6      | 5871 ||| FLEEEEING.
  5872 | D:6      | 5872 ||| FLEEEEING.
  5873 | D:6      | 5873 ||| FLEEEEING.
  5877 | D:6      | 5877 ||| FLEEEEING.
  5878 | D:6      | 5878 ||| FLEEEEING.
  5879 | D:6      | 5879 ||| FLEEEEING.
  5880 | D:6      | 5880 ||| FLEEEEING.
  5881 | D:6      | 5881 ||| FLEEEEING.
  5882 | D:6      | 5882 ||| FLEEEEING.
  5883 | D:6      | 5883 ||| STAIRDANCE
  5937 | D:5      | 5937 ||| READING 4 scrolls of identify.
  5937 | D:5      | 5937 ||| IDENTIFYING yellow potion
  5938 | D:5      | 5938 ||| DROPPING potion of invisibility.
  5994 | D:6      | 5994 ||| Stepping ~*~*~tactically~*~*~ (stealth).
  6000 | D:6      | 6000 ||| Stepping ~*~*~tactically~*~*~ (stealth).
  6003 | D:6      | 6003 ||| Stepping ~*~*~tactically~*~*~ (outnumbered).
  6004 | D:6      | 6004 ||| Stepping ~*~*~tactically~*~*~ (outnumbered).
  6027 | D:6      | 6027 ||| Stepping ~*~*~tactically~*~*~ (outnumbered).
  6074 | D:6      | 6074 ||| Stepping ~*~*~tactically~*~*~ (hiding).
  6244 | D:7      | Reached skill level 11 in Unarmed Combat
  6415 | D:7      | Reached XP level 9. HP: 84/84 MP: 9/9
  6451 | D:7      | 6451 ||| Stepping ~*~*~tactically~*~*~ (outnumbered).
  6452 | D:7      | 6452 ||| DRINKING 4 potions of curing.
  6452 | D:7      | 6452 ||| (to cure confusion)
  6456 | D:7      | 6456 ||| Stepping ~*~*~tactically~*~*~ (outnumbered).
  6459 | D:7      | 6459 ||| Stepping ~*~*~tactically~*~*~ (outnumbered).
  6578 | D:7      | Noticed Sigmund
  6579 | D:7      | 6579 ||| Stepping ~*~*~tactically~*~*~ (hiding).
  6593 | D:7      | Killed Sigmund
  6607 | D:7      | Noticed Edmund
  6611 | D:7      | Killed Edmund
  6832 | D:7      | Found an ornate altar of the Wu Jian Council.
  6888 | D:7      | 6888 ||| Stepping ~*~*~tactically~*~*~ (stealth).
  6889 | D:7      | 6889 ||| Stepping ~*~*~tactically~*~*~ (stealth).
  6898 | D:7      | Reached skill level 12 in Unarmed Combat
  6946 | D:7      | 6946 ||| UPGRADING to ring of protection from fire.
  6947 | D:7      | 6947 ||| READING 2 scrolls labelled FITAKL GYEXODA.
  6948 | D:7      | 6948 ||| DROPPING scroll of summoning.
  6963 | D:8      | 6963 ||| INVOKING Fiery Armour.
  6965 | D:8      | 6965 ||| STAIRDANCE
  6972 | D:8      | 6972 ||| STAIRDANCE
  6983 | D:8      | 6983 ||| Stepping ~*~*~tactically~*~*~ (outnumbered).
  6984 | D:8      | 6984 ||| Stepping ~*~*~tactically~*~*~ (outnumbered).
  6985 | D:8      | 6985 ||| Stepping ~*~*~tactically~*~*~ (outnumbered).
  6986 | D:8      | 6986 ||| Stepping ~*~*~tactically~*~*~ (outnumbered).
  6987 | D:8      | 6987 ||| Stepping ~*~*~tactically~*~*~ (outnumbered).
  6988 | D:8      | 6988 ||| Stepping ~*~*~tactically~*~*~ (outnumbered).
  6989 | D:8      | 6989 ||| Stepping ~*~*~tactically~*~*~ (outnumbered).
  6990 | D:8      | 6990 ||| Stepping ~*~*~tactically~*~*~ (outnumbered).
  6993 | D:8      | 6993 ||| Stepping ~*~*~tactically~*~*~ (outnumbered).
  6994 | D:8      | 6994 ||| Stepping ~*~*~tactically~*~*~ (outnumbered).
  6995 | D:8      | 6995 ||| Stepping ~*~*~tactically~*~*~ (outnumbered).
  7204 | D:8      | Noticed a two-headed ogre
  7207 | D:8      | 7207 ||| Stepping ~*~*~tactically~*~*~ (stealth).
  7209 | D:8      | 7209 ||| Stepping ~*~*~tactically~*~*~ (stealth).
  7216 | D:8      | 7216 ||| INVOKING Fiery Armour.
  7218 | D:8      | Killed a two-headed ogre
  7219 | D:8      | Reached skill level 6 in Fighting
  7484 | D:8      | 7484 ||| Stepping ~*~*~tactically~*~*~ (stealth).
  7487 | D:8      | 7487 ||| Stepping ~*~*~tactically~*~*~ (stealth).
  7494 | D:8      | 7494 ||| Stepping ~*~*~tactically~*~*~ (outnumbered).
  7495 | D:8      | 7495 ||| Stepping ~*~*~tactically~*~*~ (outnumbered).
  7496 | D:8      | 7496 ||| Stepping ~*~*~tactically~*~*~ (outnumbered).
  7497 | D:8      | 7497 ||| Stepping ~*~*~tactically~*~*~ (outnumbered).
  7498 | D:8      | 7498 ||| Stepping ~*~*~tactically~*~*~ (outnumbered).
  7499 | D:8      | 7499 ||| Stepping ~*~*~tactically~*~*~ (outnumbered).
  7500 | D:8      | 7500 ||| Stepping ~*~*~tactically~*~*~ (outnumbered).
  7501 | D:8      | 7501 ||| Stepping ~*~*~tactically~*~*~ (outnumbered).
  7502 | D:8      | 7502 ||| Stepping ~*~*~tactically~*~*~ (outnumbered).
  7503 | D:8      | 7503 ||| Stepping ~*~*~tactically~*~*~ (outnumbered).
  7830 | D:8      | 7830 ||| UPGRADING to +0 steam dragon scales.
  7840 | D:8      | 7840 ||| DROPPING +0 robe.
  7841 | D:8      | 7841 ||| READING 5 scrolls of enchant armour.
  7841 | D:8      | 7841 ||| ENCHANTING +0 steam dragon scales.
  7842 | D:8      | 7842 ||| READING 4 scrolls of enchant armour.
  7842 | D:8      | 7842 ||| ENCHANTING +1 steam dragon scales.
  7843 | D:8      | 7843 ||| READING 3 scrolls of enchant armour.
  7843 | D:8      | 7843 ||| ENCHANTING +2 steam dragon scales.
  7844 | D:8      | 7844 ||| READING 2 scrolls of enchant armour.
  7844 | D:8      | 7844 ||| ENCHANTING +3 steam dragon scales.
  7845 | D:8      | 7845 ||| READING scroll of enchant armour.
  7845 | D:8      | 7845 ||| ENCHANTING +4 steam dragon scales.
  7868 | D:9      | 7868 ||| STAIRDANCE
  7879 | D:8      | 7879 ||| INVOKING Fiery Armour.
  7882 | D:8      | Reached skill level 1 in Armour
  7943 | D:9      | 7943 ||| STAIRDANCE
  7968 | D:9      | 7968 ||| STAIRDANCE
  7988 | D:9      | 7988 ||| Stepping ~*~*~tactically~*~*~ (hiding).
  7994 | D:9      | 7994 ||| STAIRDANCE
  7997 | D:8      | Reached XP level 10. HP: 95/98 MP: 10/10
  8162 | D:9      | 8162 ||| Stepping ~*~*~tactically~*~*~ (hiding).
  8380 | D:9      | Reached skill level 13 in Unarmed Combat
  8401 | D:9      | 8401 ||| Stepping ~*~*~tactically~*~*~ (stealth).
  8459 | D:9      | 8459 ||| INVOKING Fiery Armour.
  8518 | D:9      | 8518 ||| Stepping ~*~*~tactically~*~*~ (stealth).
  8766 | D:9      | 8766 ||| READING 5 scrolls of identify.
  8766 | D:9      | 8766 ||| IDENTIFYING murky yellow potion
  8767 | D:9      | 8767 ||| DROPPING potion of berserk rage.
  8809 | D:10     | Entered Level 10 of the Dungeon
  8828 | D:10     | 8828 ||| Stepping ~*~*~tactically~*~*~ (outnumbered).
  8830 | D:10     | 8830 ||| Stepping ~*~*~tactically~*~*~ (outnumbered).
  8841 | D:10     | 8841 ||| INVOKING Fiery Armour.
  8862 | D:10     | 8862 ||| FLEEEEING.
  8864 | D:10     | 8864 ||| STAIRDANCE
  8915 | D:10     | 8915 ||| STAIRDANCE
  8976 | D:10     | 8976 ||| Stepping ~*~*~tactically~*~*~ (stealth).
  8977 | D:10     | 8977 ||| Stepping ~*~*~tactically~*~*~ (stealth).
  8984 | D:10     | 8984 ||| Stepping ~*~*~tactically~*~*~ (stealth).
  8994 | D:10     | 8994 ||| Stepping ~*~*~tactically~*~*~ (hiding).
  8995 | D:10     | 8995 ||| Stepping ~*~*~tactically~*~*~ (hiding).
  9101 | D:10     | 9101 ||| Invisible monster not found???
  9224 | D:10     | Noticed a purple ugly thing
  9230 | D:10     | Killed a purple ugly thing
  9231 | D:10     | Reached skill level 14 in Unarmed Combat
  9248 | D:10     | Found a staircase to the Orcish Mines.
  9254 | D:10     | Found an opulent altar of Gozag.
  9270 | D:10     | Found an opulent altar of Gozag.
  9270 | D:10     | Found an opulent altar of Gozag.
  9333 | D:10     | 9333 ||| Stepping ~*~*~tactically~*~*~ (stealth).
  9335 | D:10     | Noticed a gargoyle
  9336 | D:10     | 9336 ||| Stepping ~*~*~tactically~*~*~ (stealth).
  9355 | D:10     | Killed a gargoyle
  9542 | D:10     | 9542 ||| Stepping ~*~*~tactically~*~*~ (outnumbered).
  9549 | D:10     | Reached skill level 15 in Unarmed Combat
  9601 | D:10     | Found an opulent altar of Gozag.
  9658 | D:10     | 9658 ||| READING scroll labelled RUORAN XOYBU.
  9659 | D:10     | 9659 ||| READING 6 scrolls of identify.
  9659 | D:10     | 9659 ||| IDENTIFYING pink potion
  9660 | D:10     | 9660 ||| DROPPING potion of magic.
  9684 | D:11     | Noticed a two-headed ogre
  9687 | D:11     | Noticed Fannar
  9688 | D:11     | 9688 ||| Stepping ~*~*~tactically~*~*~ (stealth).
  9689 | D:11     | 9689 ||| Stepping ~*~*~tactically~*~*~ (stealth).
  9690 | D:11     | 9690 ||| Stepping ~*~*~tactically~*~*~ (stealth).
  9697 | D:11     | 9697 ||| INVOKING Fiery Armour.
  9700 | D:11     | Killed a two-headed ogre
  9726 | D:11     | Noticed an elephant
  9727 | D:11     | Reached XP level 11. HP: 53/105 MP: 11/11
  9729 | D:11     | 9729 ||| FLEEEEING.
  9730 | D:11     | 9730 ||| FLEEEEING.
  9731 | D:11     | 9731 ||| FLEEEEING.
  9732 | D:11     | 9732 ||| FLEEEEING.
  9733 | D:11     | 9733 ||| FLEEEEING.
  9734 | D:11     | 9734 ||| FLEEEEING.
  9738 | D:11     | 9738 ||| FLEEEEING.
  9739 | D:11     | 9739 ||| FLEEEEING.
  9740 | D:11     | 9740 ||| FLEEEEING.
  9741 | D:11     | 9741 ||| FLEEEEING.
  9742 | D:11     | 9742 ||| FLEEEEING.
  9743 | D:11     | 9743 ||| FLEEEEING.
  9744 | D:11     | 9744 ||| FLEEEEING.
  9745 | D:11     | 9745 ||| FLEEEEING.
  9746 | D:11     | 9746 ||| STAIRDANCE
  9808 | D:11     | 9808 ||| Stepping ~*~*~tactically~*~*~ (stealth).
  9816 | D:11     | 9816 ||| Stepping ~*~*~tactically~*~*~ (hiding).
  9817 | D:11     | 9817 ||| Stepping ~*~*~tactically~*~*~ (hiding).
  9829 | D:11     | 9829 ||| INVOKING Fiery Armour.
  9832 | D:11     | Killed Fannar
  9839 | D:11     | 9839 ||| FLEEEEING.
  9840 | D:11     | 9840 ||| FLEEEEING.
  9841 | D:11     | 9841 ||| FLEEEEING.
  9842 | D:11     | 9842 ||| FLEEEEING.
  9843 | D:11     | 9843 ||| FLEEEEING.
  9844 | D:11     | 9844 ||| FLEEEEING.
  9845 | D:11     | 9845 ||| FLEEEEING.
  9846 | D:11     | 9846 ||| FLEEEEING.
  9847 | D:11     | 9847 ||| FLEEEEING.
  9848 | D:11     | 9848 ||| FLEEEEING.
  9849 | D:11     | 9849 ||| FLEEEEING.
  9851 | D:11     | 9851 ||| FLEEEEING.
  9852 | D:11     | 9852 ||| FLEEEEING.
  9853 | D:11     | 9853 ||| FLEEEEING.
  9854 | D:11     | 9854 ||| FLEEEEING.
  9855 | D:11     | 9855 ||| FLEEEEING.
  9856 | D:11     | 9856 ||| FLEEEEING.
  9857 | D:11     | 9857 ||| FLEEEEING.
  9858 | D:11     | 9858 ||| FLEEEEING.
  9859 | D:11     | 9859 ||| FLEEEEING.
  9860 | D:11     | 9860 ||| FLEEEEING.
  9861 | D:11     | 9861 ||| STAIRDANCE
  9934 | D:11     | 9934 ||| Stepping ~*~*~tactically~*~*~ (stealth).
  9940 | D:11     | 9940 ||| Stepping ~*~*~tactically~*~*~ (stealth).
  9942 | D:11     | 9942 ||| Stepping ~*~*~tactically~*~*~ (stealth).
  9943 | D:11     | Noticed Lodul
  9944 | D:11     | 9944 ||| INVOKING Fiery Armour.
  9948 | D:11     | Killed Lodul
  9949 | D:11     | Reached skill level 16 in Unarmed Combat
  9955 | D:11     | 9955 ||| Stepping ~*~*~tactically~*~*~ (outnumbered).
  9957 | D:11     | 9957 ||| Stepping ~*~*~tactically~*~*~ (outnumbered).
  9958 | D:11     | 9958 ||| Stepping ~*~*~tactically~*~*~ (outnumbered).
  9960 | D:11     | 9960 ||| Stepping ~*~*~tactically~*~*~ (outnumbered).
  9961 | D:11     | 9961 ||| Stepping ~*~*~tactically~*~*~ (outnumbered).
  9993 | D:11     | 9993 ||| FLEEEEING.
  9994 | D:11     | 9994 ||| FLEEEEING.
  9995 | D:11     | 9995 ||| FLEEEEING.
 10009 | D:11     | 10009 ||| FLEEEEING.
 10010 | D:11     | 10010 ||| FLEEEEING.
 10011 | D:11     | 10011 ||| STAIRDANCE
 10013 | D:10     | 10013 ||| PLANNING TEMPLE
 10176 | Temple   | Entered the Ecumenical Temple
 10177 | Temple   | 10177 ||| PLANNING CONVERSION TO OKAWARU
 10184 | Temple   | Fell from the grace of Ignis
 10184 | Temple   | Became a worshipper of Warmaster Okawaru
 10185 | Temple   | 10185 ||| PLANNING D:1-11
 10347 | D:11     | 10347 ||| FLEEEEING.
 10348 | D:11     | 10348 ||| FLEEEEING.
 10349 | D:11     | 10349 ||| STAIRDANCE
 10374 | D:11     | 10374 ||| STAIRDANCE
 10391 | D:11     | 10391 ||| STAIRDANCE
 10404 | D:11     | 10404 ||| STAIRDANCE
 10446 | D:11     | Found a broken altar of Ashenzari.
 10507 | D:11     | Reached skill level 1 in Throwing
 10539 | D:11     | 10539 ||| Stepping ~*~*~tactically~*~*~ (outnumbered).
 10540 | D:11     | 10540 ||| Stepping ~*~*~tactically~*~*~ (outnumbered).
 10645 | D:11     | 10645 ||| FLEEEEING.
 10647 | D:11     | 10647 ||| FLEEEEING.
 10654 | D:11     | Reached * piety under Okawaru
 10763 | D:11     | Found a staircase to the Lair.
 10765 | D:11     | Noticed a two-headed ogre
 10766 | D:11     | 10766 ||| INVOKING Heroism.
 10771 | D:11     | Killed a two-headed ogre
 10772 | D:11     | Reached skill level 3 in Throwing
 10772 | D:11     | Reached skill level 1 in Invocations
 10815 | D:11     | 10815 ||| INVOKING Heroism.
 10840 | D:11     | 10840 ||| FLEEEEING.
 10847 | D:11     | 10847 ||| Stepping ~*~*~tactically~*~*~ (stealth).
 10849 | D:11     | 10849 ||| INVOKING Heroism.
 10850 | D:11     | 10850 ||| Stepping ~*~*~tactically~*~*~ (outnumbered).
 10854 | D:11     | 10854 ||| Stepping ~*~*~tactically~*~*~ (outnumbered).
 10920 | D:11     | You fall into a shaft and drop 3 floors!
 10931 | D:14     | Noticed a boulder beetle
 10967 | D:14     | 10967 ||| Stepping ~*~*~tactically~*~*~ (stealth).
 10970 | D:14     | 10970 ||| Stepping ~*~*~tactically~*~*~ (stealth).
 10973 | D:14     | 10973 ||| INVOKING Heroism.
 10983 | D:14     | Killed a boulder beetle
 10983 | D:14     | Reached ** piety under Okawaru
 10984 | D:14     | 10984 ||| Stepping ~*~*~tactically~*~*~ (hiding).
 10986 | D:14     | Noticed a tengu warrior
 10988 | D:14     | Identified the +0 tower shield of Pufofox {rC+ Str+2}
 10988 | D:14     | Noticed Louise
 10992 | D:14     | 10992 ||| Stepping ~*~*~tactically~*~*~ (outnumbered).
 10993 | D:14     | 10993 ||| Stepping ~*~*~tactically~*~*~ (outnumbered).
 10994 | D:14     | 10994 ||| INVOKING Heroism.
 11000 | D:14     | Killed a tengu warrior
 11001 | D:14     | Reached skill level 3 in Invocations
 11003 | Abyss:3  | Cast into level 3 of the Abyss (Louise)
 11018 | Abyss:3  | 11018 ||| INVOKING Heroism.
 11024 | Abyss:3  | HP: 22/107 [fire elemental[the fiery vengeance of Ignis]
                  | (7)]
 11025 | Abyss:3  | 11025 ||| READING 6 scrolls of teleportation.
 11025 | Abyss:3  | HP: 7/107 [fire elemental[the fiery vengeance of Ignis]
                  | (9)]
 11025 | Abyss:3  | Noticed a rakshasa
 11025 | Abyss:3  | Slain by a fire elemental

Levels and vault maps discovered:
D:1:      evilmike_arrival_plus, layout_basic,
          hellmonk_ecumenical_altar_lost_god
D:2:      layout_loops_ring
D:3:      minmay_general_purpose_star, layout_basic, bloody_trog,
          grunt_decor_arrowhead, minmay_gold_behind_fungi, dk_noncrumbling_3
D:4:      layout_rooms, nicolae_ossuary_entry_plus, uniq_duvessa,
          uniq_crazy_yiuf_cottage
D:5:      layout_rooms, nicolae_overflow_crystal_walls,
          nicolae_yredelemnul_ghost_church, mainiacjoe_overflow_paths,
          nicolae_qazlal_general_emergency,
          mainiacjoe_overflow_concentric_impassable,
          minmay_temple_entry_proselytizer, gammafunk_ghost_hive,
          cheibrodos_sewer_entry_bend, uniq_grinder
D:6:      layout_cave_pods, makhleb_altar_promises_db, minmay_shop_grid_forest,
          chequers_serial_rivers_micro_d, st_stairs_12
D:7:      layout_loops_cross, nzn_wu_jian_council_hall, sigmund_edmund_badplayer
D:8:      layout_cave_pods
D:9:      layout_basic, solitary_fountain
D:10:     kennysheep_blocky_hall, layout_rooms,
          nicolae_gozag_conspicuous_consumption, orc_0_dummy
D:11:     layout_basic, david_lair_generic, nicolae_ashenzari_panopticon,
          uniq_lodul, uniq_fannar
D:14:     layout_long_grid, minmay_crystal_water, uniq_louise, uniq_kirke
Temple:   nicolae_temple_bog_church
Abyss:3:  base: Temple, small_statue_intersection, due_exit_kobolds

Skill      XL: |  1  2  3  4  5  6  7  8  9 10 11 |
---------------+----------------------------------+-----
Unarmed Combat | 4 6 7 8 9 11 12 15 16 | 16.0
Fighting       | 3 4 6 |  6.8
Dodging        | 1 |  1.4
Armour         | 1 2 |  2.5
Throwing       | 4 |  4.5
Invocations    | 3 |  3.4
Spellcasting   | |  1.0
Fire Magic     | |  2.1

Action                   |  1- 3 |  4- 6 |  7- 9 | 10-12 || total
-------------------------+-------+-------+-------+-------++-------
Melee: Unarmed           |   122 |   135 |   358 |   310 ||   925
       Punch             |     2 |     4 |     8 |    22 ||    36
Throw: Large rock        |       |       |       |     7 ||     7
Invok: Fiery Armour      |       |     1 |     6 |     5 ||    12
       Heroism           |       |       |       |     6 ||     6
  Use: Scroll            |     4 |     5 |    17 |     4 ||    30
       Potion            |     1 |     2 |     4 |       ||     7
Armor: Robe              |    40 |    24 |   110 |       ||   174
       Steam dragon scal |       |       |    29 |   198 ||   227
Dodge: Dodged            |    35 |    36 |   158 |   123 ||   352

Table legend:
 A = Non-vault XP
 B = Vault XP
 C = Vault XP percentage of total XP
 D = Non-vault monster count
 E = Vault monster count
 F = Vault count percentage of total count
                 A         B        C        D         E       F
            +---------+---------+-------+---------+---------+-------
      Total |   14095 |    5904 |  29.5 |     211 |     105 |  33.2
            +---------+---------+-------+---------+---------+-------
        D:1 |      42 |       0 |   0.0 |      28 |       0 |   0.0
        D:2 |      51 |       0 |   0.0 |      20 |       0 |   0.0
        D:3 |      79 |      18 |  18.6 |      14 |       4 |  22.2
        D:4 |     239 |     204 |  46.0 |      11 |       2 |  15.4
        D:5 |     342 |     427 |  55.5 |      17 |       5 |  22.7
        D:6 |     292 |      80 |  21.5 |      13 |       1 |   7.1
        D:7 |     878 |     371 |  29.7 |      18 |       2 |  10.0
        D:8 |    1669 |       0 |   0.0 |      21 |       0 |   0.0
        D:9 |    1500 |       0 |   0.0 |      27 |       0 |   0.0
       D:10 |    2454 |     850 |  25.7 |      21 |       4 |  16.0
       D:11 |    4533 |    3419 |  43.0 |      18 |      13 |  41.9
       D:14 |    2016 |       0 |   0.0 |       3 |       0 |   0.0
      Sewer |       0 |     209 | 100.0 |       0 |      37 | 100.0
    Ossuary |       0 |     326 | 100.0 |       0 |      37 | 100.0
            +---------+---------+-------+---------+---------+-------
